AoeStats
← Govekin

Arena

509537877Analyzed
4v4 RM · 5d ago on Sep 27, 2026· 32m 25s· 8 players
Game mode
Random Map
Map size
Large (8 player)
Population
200
Speed
Normal
Resources
Standard
Victory
Conquest
Starting age
Dark Age
Ending age
Imperial Age
RankedLock teamsTeams togetherTeam positionsShared explorationLock speedFull tech treeHidden civsTurbo modeCheats
Victory
Defeat
🇺🇸 Spanish · United States
954
+12
🇺🇸 Bohemians · United States
934
+13
🇩🇪 Khmer · Germany
834
+17
🇨🇦 Danes · Canada
696
+22
🇨🇱 Teutons · Chile
914
-18
🇦🇷 Britons · Argentina
908
-51
🇨🇱 Saxons · Chile
885
-17
🇨🇱 Ethiopians · Chile
716
-11
TeamBudRage
11:24 Feudal Age
15:14 Castle Age
13:07 Double-Bit Axe
14:07 Loom
Seventh L3tter
10:41 Feudal Age
14:52 Loom
17:19 Castle Age
16:29 Stone Mining
17:24 Horse Collar
26:22 Arson
31:19 Scale Mail Armor
31:32 Forging
33:17 Iron Casting
ENJIN3AR
11:57 Feudal Age
13:53 Loom
16:14 Castle Age
14:26 Double-Bit Axe
15:22 Gold Mining
15:25 Stone Mining
15:36 Horse Collar
18:09 Wheelbarrow
19:49 Bow Saw
24:16 Husbandry
28:54 Fletching
29:04 Padded Archer Armor
28:53 Town Watch
33:00 Imperial Age
32:21 Bloodlines
julian_venom
0:27 Loom
10:39 Feudal Age
12:20 Wheelbarrow
11:35 Double-Bit Axe
12:08 Horse Collar
17:50 Stone Mining
17:59 Gold Mining
22:39 Castle Age
20:41 Town Watch
23:43 Hand Cart
23:54 Bow Saw
24:46 Town Patrol
24:51 Heavy Plow
25:00 Scale Barding Armor
26:27 Chain Barding Armor
29:24 Imperial Age
27:55 Husbandry
29:39 Bloodlines
31:10 Tusk Swords
The_br4ve ®
10:31 Feudal Age
14:42 Castle Age
14:41 Double-Bit Axe
15:46 Bow Saw
15:19 Horse Collar
Govekin
16:31 Feudal Age
14:47 Loom
22:48 Castle Age
Gelblich
11:43 Feudal Age
15:43 Castle Age
13:57 Double-Bit Axe
maxibustos1985
0:46 Loom
11:00 Feudal Age
12:25 Wheelbarrow
15:35 Double-Bit Axe
16:12 Stone Mining
17:31 Town Watch
17:43 Horse Collar
23:58 Castle Age
Connection lost

Rejoining the realm…

Still unreachable

The connection could not be restored.

Session expired

The server has moved on; the page needs a fresh start.